 Dungeon Crawl Stone Soup version 0.31.0-11-ge490571c62 (webtiles) character file.

Game seed: 9327415085645068758

166 qw the Shooter (level 5, -4/26 HPs)
             Began as a Spriggan Hunter on Feb 4, 2024.
             Killed by divine providence
             ... invoked by an orc priest
              (13 damage)
             ... on level 3 of the Dungeon.
             The game lasted 00:00:09 (2338 turns).

qw the Shooter (Spriggan Hunter)                    Turns: 2338, Time: 00:00:10

Health: -4/26      AC:  2    Str:  7    XL:     5   Next: 22%
Magic:  6/6        EV: 20    Int: 11    God:
Gold:   27         SH:  0    Dex: 20    Spells: 4/4 levels left

rFire   . . .        a - +0 shortbow
rCold   . . .        (shield currently unavailable)
rNeg    . . .        c - +0 robe
rPois   .            (helmet restricted)
rElec   .            (no cloak)
rCorr   .            (gloves unavailable)
SInv    +            (boots unavailable)
Will    .....        (no amulet)
Stlth   ++           (no ring)
HPRegen 0.24/turn    (no ring)
MPRegen 0.10/turn

%: no passive effects
@: very quick
A: very small, no large weapons, unfitting armour, see invisible, speed 3
a: no special abilities


You were on level 3 of the Dungeon.
You visited 1 branch of the dungeon, and saw 3 of its levels.

You collected 131 gold pieces.
You spent 104 gold pieces at shops.


Innate Abilities, Weirdness & Mutations

You are very small and have problems with some larger weapons.
You are too small for most types of armour.
You have supernaturally acute eyesight. (SInv)
You cover ground extremely quickly. (Speed+++)


   Skills:
 - Level 2.1 Fighting
 + Level 5.3 Ranged Weapons
 - Level 5.1 Dodging
 - Level 1.5 Stealth


You had 4 spell levels left.
You didn't know any spells.
Your spell library was empty.

Inventory:

Hand Weapons
 a - a +0 shortbow (weapon)
Armour
 c - a +0 robe (worn)
Jewellery
 e - an amulet of faith
Wands
 h - a wand of mindburst (20)
Scrolls
 d - 2 scrolls of identify
 f - a scroll of enchant armour
Potions
 b - a potion of curing
 g - a potion of might

Dungeon Overview and Level Annotations

Branches:
Dungeon (3/15)

Altars:
Dithmenos
Kikubaaqudgha
Ru
Trog

Shops:
D:3 :?


Message History

You shoot an arrow. The arrow barely misses the orc.
The arrow hits the orc.
The orc is severely wounded.
You shoot an arrow. The arrow completely misses the orc.
The orc misses you. The orc hits you with a +0 dagger.
You shoot an arrow.
The arrow hits the orc but does no damage.
The orc is severely wounded.
The orc hits you with a +0 club. The orc barely misses you.
You shoot an arrow. The arrow completely misses the orc.
The orc hits you with a +0 club. The orc completely misses you.
You shoot an arrow. The arrow hits the orc!
You kill the orc!
The orc closely misses you. The orc hits you with a +0 dagger.
You shoot an arrow. The arrow barely misses the orc.
The orc closely misses you. The orc completely misses you.
You shoot an arrow.
The arrow hits the orc but does no damage.
The orc is severely wounded.
The orc completely misses you. The orc barely misses you.
You shoot an arrow. The arrow hits the orc.
You kill the orc!
The orc completely misses you.
You shoot an arrow. The arrow hits the orc.
The orc is moderately wounded.
You shoot an arrow. The arrow closely misses the orc.
The orc barely misses you. The orc priest barely misses you.
You shoot an arrow. The arrow hits the orc.
You kill the orc!
The orc priest calls down the wrath of Beogh upon you.
Beogh smites you!
You shoot an arrow. The arrow hits the orc priest!
The orc priest is heavily wounded.
The orc priest barely misses you. The orc priest closely misses you.
You shoot an arrow.
The arrow closely misses the orc priest.
The arrow barely misses the orc priest.
The orc priest invokes the aid of Beogh against you.
Beogh smites you!
Ouch! That really hurt!
You die...

####...#...¤¤¤¤¤.###.777
##....#¤#¤#¤#.#.#....
#.#####.¤.##.#.##...
#.######¤###....####
#....# #.# ###.##.##
#######.###.# #.##.##
##..$ #......# #......
#$8.8.##.##### ####.##
#_$).oo@.# #.#
#.8.8.#).# ##.## ##$$$
##)# #...# ### ..# #....
### #...# ##### #


You could see 2 orc priests.

Vanquished Creatures
  Natasha (thrice) (D:2)
  2 adders (D:2)
  3 dart slugs
  A ribbon worm (D:2)
  4 orcs
  2 endoplasms
  A giant cockroach (D:2)
  7 goblins
  4 hobgoblins
  4 jackals (D:1)
  3 quokkas
  4 ball pythons
  9 bats
  2 frilled lizards
  8 kobolds
  3 rats
60 creatures vanquished.

Notes
Turn   | Place    | Note
-------+----------+-------------------------------------------
     0 | D:1      | qw the Spriggan Hunter began the quest for the Orb.
     0 | D:1      | Reached XP level 1. HP: 10/10 MP: 2/2
     0 | D:1      | 0 ||| qw: Version: 0.3-a-160-g6735b56
     0 | D:1      | 0 ||| qw: Game counter: 4390
     0 | D:1      | 0 ||| qw: Melee chars always use a shield: true
     0 | D:1      | 0 ||| qw: God list: Okawaru
     0 | D:1      | 0 ||| qw: Allow faded altars: false
     0 | D:1      | 0 ||| qw: Do Orc after clearing Dungeon:15 true
     0 | D:1      | 0 ||| qw: Do second Lair branch before Depths: true
     0 | D:1      | 0 ||| qw: Lair rune preference: random
     0 | D:1      | 0 ||| qw: Goals: Normal
     0 | D:1      | 0 ||| PLANNING D:1-11
    31 | D:1      | Reached skill level 3 in Dodging
    67 | D:1      | Reached XP level 2. HP: 5/14 MP: 3/3
   714 | D:1      | 714 ||| READING 2 scrolls labelled AWOVVY JUISCHEK.
   715 | D:1      | 715 ||| READING scroll labelled TUVEFI OTECAP.
   716 | D:1      | 716 ||| READING scroll labelled ZOURINA WUOMMI.
   716 | D:1      | 716 ||| IDENTIFYING white potion
   717 | D:1      | 717 ||| DROPPING scroll of butterflies.
   718 | D:1      | 718 ||| DROPPING scroll of immolation.
   786 | D:2      | Noticed Natasha
   795 | D:2      | 795 ||| RETREEEEATING.
   796 | D:2      | 796 ||| RETREEEEATING.
   797 | D:2      | 797 ||| RETREEEEATING.
   800 | D:2      | 800 ||| RETREEEEATING.
   803 | D:2      | Killed Natasha
   804 | D:2      | Reached XP level 3. HP: 14/18 MP: 4/4
   866 | D:2      | Reached XP level 4. HP: 22/22 MP: 5/5
   869 | D:2      | Noticed Natasha
   871 | D:2      | 871 ||| FLEEEEING.
   872 | D:2      | 872 ||| FLEEEEING.
   873 | D:2      | 873 ||| FLEEEEING.
   874 | D:2      | 874 ||| FLEEEEING.
   875 | D:2      | 875 ||| FLEEEEING.
   876 | D:2      | 876 ||| FLEEEEING.
   877 | D:2      | 877 ||| FLEEEEING.
   878 | D:2      | 878 ||| FLEEEEING.
   879 | D:2      | 879 ||| FLEEEEING.
   880 | D:2      | 880 ||| FLEEEEING.
   881 | D:2      | 881 ||| FLEEEEING.
   882 | D:2      | 882 ||| FLEEEEING.
   883 | D:2      | 883 ||| FLEEEEING.
   884 | D:2      | 884 ||| STAIRDANCE
   991 | D:1      | 991 ||| DROPPING ring of wizardry.
   997 | D:2      | 997 ||| STAIRDANCE
  1056 | D:2      | HP: 5/22 [poisoned by an adder]
  1092 | D:2      | 1092 ||| FLEEEEING.
  1169 | D:2      | Killed Natasha
  1367 | D:2      | Noticed Natasha
  1376 | D:2      | Killed Natasha
  1377 | D:2      | Reached XP level 5. HP: 17/26 MP: 6/6
  1572 | D:2      | 1572 ||| READING scroll labelled YLYCEN JILAA.
  1673 | D:2      | 1673 ||| READING scroll labelled RAUGUT XOGO.
  1677 | D:2      | 1677 ||| DRINKING 2 viscous emerald potions.
  2035 | D:3      | Found an ancient bone altar of Kikubaaqudgha.
  2066 | D:3      | Found Qiematwae's Book Boutique.
  2072 | D:3      | Found Qiostriu's Magic Scroll Shoppe.
  2081 | D:3      | 2081 ||| BUYING scroll of enchant armour (82 gold).
  2081 | D:3      | Bought a scroll of enchant armour for 82 gold pieces
  2081 | D:3      | 2081 ||| BUYING scroll of identify (22 gold).
  2081 | D:3      | Bought a scroll of identify for 22 gold pieces
  2081 | D:3      | 2081 ||| SHOPLISTING scroll of teleportation (33 gold, have
                  | 19).
  2089 | D:3      | Found a shadowy altar of Dithmenos.
  2171 | D:3      | Found a sacrificial altar of Ru.
  2212 | D:3      | Found a bloodstained altar of Trog.
  2338 | D:3      | Killed from afar by an orc priest

Levels and vault maps discovered:
D:1:      evilmike_arrival_crescent, layout_loops_ring
D:2:      layout_rooms, minmay_fractal_squares_5, uniq_natasha
D:3:      layout_loops_corners, mainiacjoe_overflow_surrounded_room,
          grunt_dithmenos_smoke_and_mirrors, mainiacjoe_overflow_two_lobes,
          serial_shops, nicolae_diamond_shop, nicolae_shop_statue_plus,
          nicolae_shop_stone, kennysheep_orc_chapel

Skill      XL: |  1  2  3  4 |
---------------+-------------+-----
Dodging        | 3 4 5 |  5.1
Ranged Weapons | 5 |  5.3
Fighting       | 2 |  2.1
Stealth        | |  1.5

Action                     |  1- 3 |  4- 6 || total
---------------------------+-------+-------++-------
   Fire: Shortbow          |    99 |    98 ||   197
    Use: Scroll            |     3 |     2 ||     5
         Potion            |       |     1 ||     1
 Armour: Robe              |    16 |    39 ||    55
  Dodge: Dodged            |    42 |    75 ||   117

Table legend:
 A = Non-vault XP
 B = Vault XP
 C = Vault XP percentage of total XP
 D = Non-vault monster count
 E = Vault monster count
 F = Vault count percentage of total count
                 A         B        C        D         E       F
            +---------+---------+-------+---------+---------+-------
      Total |     170 |      68 |  28.6 |      49 |      11 |  18.3
            +---------+---------+-------+---------+---------+-------
        D:1 |      38 |       0 |   0.0 |      20 |       0 |   0.0
        D:2 |     115 |      59 |  33.9 |      19 |       8 |  29.6
        D:3 |      17 |       9 |  34.6 |      10 |       3 |  23.1
            +---------+---------+-------+---------+---------+-------
